General information
- name: BNet
- type: Ladder team game (AT/RT)
- host: Battle.net
- saver: backintown
map: RiceFields
- players: 6
- length: 46:46
- speed: Fast
- version: 1.28 W3XP
- replay type:

» download(351 KB)
Players
team 1 (loser)
C.SAR (
blue | 63 APM | 2931 actions | 46:43)
5 Death Knight
3 Death Coil
2 Unholy Aura
5 Lich
3 Frost Nova
2 Frost Armor
» actions
| Assign group hotkey | 128 | |
| Basic commands | 13 | |
| Build / train | 92 | |
| Enter build submenu | 21 | |
| Enter hero's abilities submenu | 12 | |
| Give item / drop item | 1 | |
| Remove unit from queue | 12 | |
| Right click | 1561 | |
| Select / deselect | 460 | |
| Select group hotkey | 485 | |
| Use ability | 146 | |
2931 total
» units
| Acolyte | 8 | |
| Ghoul | -1 | |
| Crypt Fiend | 13 | |
| Obsidian Statue | 2 | |
| Frost Wyrm | 7 | |
29 total
» upgrades
| Burrow | 1 | |
| Web | 1 | |
| Destroyer Form | 1 | |
| Creature Attack | 3 | |
| Creature Carapace | 2 | |
| Freezing Breath | 1 | |
9 total
» buildings
| Graveyard | 1 | |
| Crypt | 1 | |
| Altar of Darkness | 1 | |
| Ziggurat | 8 | |
| Tomb of Relics | 1 | |
| Nerubian Tower | 1 | |
| Halls of the Dead | 3 | |
| Slaughterhouse | 2 | |
| Spirit Tower | 7 | |
| Black Citadel | 3 | |
| Sacrificial Pit | 2 | |
| Boneyard | 3 | |
| Town Hall | 1 | |
| Scout Tower | 8 | |
42 total
» build order
00:12 Graveyard
00:20 Crypt
00:32 Altar of Darkness
00:48 Ziggurat
01:07 Tomb of Relics
02:02 Ziggurat
03:17 Nerubian Tower
05:09 Halls of the Dead
05:09 Halls of the Dead
05:45 Ziggurat
07:41 Slaughterhouse
08:07 Spirit Tower
08:07 Spirit Tower
08:08 Black Citadel
09:28 Slaughterhouse
09:30 Ziggurat
11:19 Sacrificial Pit
12:15 Boneyard
12:16 Boneyard
13:10 Boneyard
14:21 Ziggurat
14:22 Ziggurat
15:18 Spirit Tower
15:19 Spirit Tower
15:47 Spirit Tower
18:37 Sacrificial Pit
20:43 Ziggurat
20:43 Ziggurat
22:53 Spirit Tower
22:56 Spirit Tower
24:40 Town Hall
24:43 Scout Tower
24:45 Scout Tower
24:45 Scout Tower
24:46 Scout Tower
24:46 Scout Tower
24:48 Scout Tower
24:48 Scout Tower
24:49 Scout Tower
» items
| Rod of Necromancy | 1 | |
| Dust of Appearance | 1 | |
| Scroll of Town Portal | 1 | |
| Orb of Corruption | 1 | |
| Potion of Healing | 1 | |
5 total

»
ITS.LOST (
green | 95 APM | 2237 actions | 23:38)
4 Archmage
2 Summon Water Elemental
2 Brilliance Aura
3 Mountain King
2 Storm Bolt
1 Bash
» actions
| Assign group hotkey | 70 | |
| Basic commands | 6 | |
| Build / train | 114 | |
| ESC pressed | 4 | |
| Enter build submenu | 36 | |
| Enter hero's abilities submenu | 7 | |
| Right click | 1062 | |
| Select / deselect | 365 | |
| Select group hotkey | 457 | |
| Use ability | 116 | |
2237 total
» units
| Peasant | 27 | |
| Footman | 10 | |
| Rifleman | 4 | |
| Mortar Team | 9 | |
| Siege Engine | 1 | |
| Flying Machine | 13 | |
64 total
» upgrades
| Masonry | 1 | |
| Gunpowder | 3 | |
| Plating | 1 | |
| Flare | 1 | |
| Fragmentation Shards | 1 | |
| Barrage | 1 | |
| Flak Cannons | 1 | |
| Flying Machine Bombs | 1 | |
10 total
» buildings
| Barracks | 1 | |
| Altar of Kings | 1 | |
| Farm | 15 | |
| Town Hall | 1 | |
| Arcane Vault | 1 | |
| Blacksmith | 1 | |
| Scout Tower | 15 | |
| Keep | 2 | |
| Lumber Mill | 1 | |
| Arcane Tower | 5 | |
| Guard Tower | 7 | |
| Workshop | 4 | |
| Castle | 2 | |
56 total
» build order
00:16 Barracks
00:20 Altar of Kings
00:35 Farm
00:58 Farm
01:09 Farm
01:42 Farm
01:51 Farm
03:36 Town Hall
04:33 Arcane Vault
04:43 Blacksmith
04:57 Scout Tower
04:59 Scout Tower
05:28 Scout Tower
05:29 Scout Tower
05:47 Keep
05:47 Keep
05:49 Lumber Mill
06:33 Arcane Tower
06:52 Arcane Tower
06:53 Arcane Tower
06:53 Arcane Tower
07:12 Farm
07:46 Guard Tower
07:47 Guard Tower
08:07 Scout Tower
08:08 Scout Tower
08:10 Scout Tower
08:57 Workshop
10:02 Workshop
10:05 Farm
10:06 Farm
10:09 Guard Tower
10:09 Guard Tower
11:02 Farm
11:04 Farm
11:40 Farm
12:13 Castle
13:07 Farm
13:09 Farm
13:12 Farm
13:12 Farm
15:13 Scout Tower
15:14 Scout Tower
15:14 Scout Tower
15:15 Scout Tower
15:16 Scout Tower
15:57 Guard Tower
16:00 Scout Tower
16:07 Scout Tower
16:08 Scout Tower
18:14 Guard Tower
19:08 Workshop
20:06 Workshop
» items
| Scroll of Regeneration | 1 | |
| Lesser Clarity Potion | 2 | |
| Healing Salve | 1 | |
| Scroll of Town Portal | 1 | |
| Potion of Healing | 1 | |
6 total
Tornado-Ro (
red | 103 APM | 4794 actions | 46:43)
4 Tauren Chieftain
2 War Stomp
2 Endurance Aura
3 Shadow Hunter
1 Hex
2 Healing Wave
» actions
| Assign group hotkey | 57 | |
| Basic commands | 146 | |
| Build / train | 84 | |
| Enter build submenu | 27 | |
| Enter hero's abilities submenu | 8 | |
| Give item / drop item | 2 | |
| Remove unit from queue | 1 | |
| Right click | 1701 | |
| Select / deselect | 836 | |
| Select group hotkey | 1708 | |
| Use ability | 224 | |
4794 total
» units
| Peon | 8 | |
| Grunt | 5 | |
| Demolisher | 17 | |
| Troll Witch Doctor | 9 | |
| Tauren | 1 | |
| Shaman | 1 | |
| Siege Engine | 9 | |
| Mortar Team | 1 | |
51 total
» upgrades
| Armor | 2 | |
| Witch Doctor Training | 2 | |
| Ranged Weapons | 3 | |
| Pulverize | 1 | |
| Burning Oil | 1 | |
| Shaman Training | 2 | |
| Reinforced Defenses | 1 | |
| Plating | 1 | |
13 total
» buildings
| Altar of Storms | 1 | |
| Orc Burrow | 6 | |
| Barracks | 3 | |
| Voodoo Lounge | 1 | |
| Stronghold | 2 | |
| War Mill | 2 | |
| Fortress | 1 | |
| Spirit Lodge | 1 | |
| Tauren Totem | 2 | |
| Watch Tower | 6 | |
| Great Hall | 1 | |
26 total
» build order
00:06 Altar of Storms
00:20 Orc Burrow
00:36 Barracks
01:28 Orc Burrow
01:53 Voodoo Lounge
02:57 Stronghold
03:35 Orc Burrow
05:43 War Mill
06:37 Fortress
06:39 Spirit Lodge
07:04 Orc Burrow
09:10 Orc Burrow
09:54 Orc Burrow
12:11 Tauren Totem
12:13 Tauren Totem
18:59 Watch Tower
19:01 Watch Tower
19:05 Watch Tower
19:16 Watch Tower
19:20 Watch Tower
19:22 Watch Tower
24:54 Great Hall
24:57 Barracks
27:46 War Mill
29:13 Stronghold
34:23 Barracks
» items
| Healing Salve | 2 | |
| Scroll of Town Portal | 2 | |
| Scroll of Speed | 1 | |
| Lesser Clarity Potion | 2 | |
7 total
team 2 (winner)
backintown (
purple | 107 APM | 5020 actions | 46:46)
6 Warden
3 Shadow Strike
3 Blink
» actions
| Assign group hotkey | 15 | |
| Basic commands | 5 | |
| Build / train | 65 | |
| ESC pressed | 5 | |
| Enter build submenu | 21 | |
| Enter hero's abilities submenu | 7 | |
| Give item / drop item | 2 | |
| Remove unit from queue | 1 | |
| Right click | 3822 | |
| Select / deselect | 420 | |
| Select group hotkey | 430 | |
| Use ability | 227 | |
5020 total
» units
» upgrades
| Ultravision | 1 | |
| Well Spring | 1 | |
| Strength of the Wild | 2 | |
| Reinforced Hides | 1 | |
| Corrosive Breath | 1 | |
6 total
» buildings
| Altar of Elders | 2 | |
| Moon Well | 6 | |
| Tree of Ages | 5 | |
| Hunter's Hall | 1 | |
| Ancient of Wonders | 2 | |
| Tree of Eternity | 2 | |
| Tree of Life | 2 | |
| Ancient of Wind | 1 | |
| Chimaera Roost | 2 | |
23 total
» build order
00:08 Altar of Elders
00:20 Moon Well
01:12 Moon Well
04:03 Tree of Ages
04:03 Tree of Ages
04:04 Tree of Ages
04:04 Tree of Ages
07:12 Hunter's Hall
07:26 Ancient of Wonders
07:31 Ancient of Wonders
10:32 Tree of Eternity
10:33 Tree of Eternity
10:59 Moon Well
11:00 Moon Well
11:02 Moon Well
13:20 Tree of Life
13:34 Moon Well
16:31 Ancient of Wind
18:18 Chimaera Roost
18:21 Chimaera Roost
18:44 Altar of Elders
31:54 Tree of Life
» items
| Healing Salve | 4 | |
| Lesser Clarity Potion | 5 | |
| Orb of Lightning | 1 | |
10 total
iggy_the_fisk (
yellow | 110 APM | 5145 actions | 46:43)
6 Archmage
3 Blizzard
3 Brilliance Aura
5 Blood Mage
3 Flame Strike
2 Siphon Mana
» actions
| Assign group hotkey | 487 | |
| Basic commands | 143 | |
| Build / train | 162 | |
| Enter build submenu | 123 | |
| Enter hero's abilities submenu | 12 | |
| Give item / drop item | 8 | |
| Remove unit from queue | 2 | |
| Right click | 2300 | |
| Select / deselect | 500 | |
| Select group hotkey | 1065 | |
| Use ability | 343 | |
5145 total
» units
» upgrades
| Masonry | 3 | |
| Lumber Harvesting | 2 | |
| Magic Sentry | 1 | |
6 total
» buildings
| Altar of Kings | 1 | |
| Farm | 4 | |
| Lumber Mill | 1 | |
| Scout Tower | 126 | |
| Arcane Tower | 21 | |
| Guard Tower | 69 | |
| Keep | 1 | |
| Arcane Vault | 1 | |
| Castle | 1 | |
| Arcane Sanctum | 1 | |
| Town Hall | 1 | |
227 total
» build order
00:19 Altar of Kings
00:34 Farm
00:49 Lumber Mill
01:09 Farm
01:29 Scout Tower
01:31 Scout Tower
01:41 Scout Tower
01:48 Scout Tower
01:58 Arcane Tower
02:01 Scout Tower
02:08 Arcane Tower
02:17 Scout Tower
02:20 Arcane Tower
02:31 Scout Tower
02:32 Guard Tower
02:53 Arcane Tower
02:58 Scout Tower
03:12 Scout Tower
03:13 Guard Tower
03:15 Scout Tower
03:15 Guard Tower
03:32 Scout Tower
03:33 Guard Tower
03:40 Guard Tower
03:42 Scout Tower
03:42 Scout Tower
03:46 Scout Tower
03:49 Scout Tower
03:50 Guard Tower
03:57 Scout Tower
04:05 Scout Tower
04:06 Guard Tower
04:18 Scout Tower
04:18 Guard Tower
04:20 Keep
04:30 Guard Tower
04:35 Guard Tower
04:52 Guard Tower
04:54 Scout Tower
04:54 Scout Tower
05:01 Arcane Vault
05:05 Guard Tower
05:09 Scout Tower
05:09 Scout Tower
05:30 Guard Tower
05:36 Scout Tower
05:37 Scout Tower
05:41 Guard Tower
05:54 Guard Tower
05:55 Scout Tower
06:04 Guard Tower
06:06 Scout Tower
06:07 Scout Tower
06:50 Castle
06:53 Farm
06:54 Farm
06:55 Guard Tower
07:04 Arcane Sanctum
07:14 Scout Tower
07:15 Arcane Tower
07:18 Scout Tower
07:19 Scout Tower
07:25 Scout Tower
07:27 Scout Tower
07:34 Arcane Tower
07:35 Arcane Tower
07:35 Arcane Tower
07:44 Guard Tower
07:48 Scout Tower
07:54 Guard Tower
08:27 Guard Tower
08:34 Scout Tower
08:41 Guard Tower
09:07 Guard Tower
09:09 Scout Tower
09:10 Scout Tower
09:19 Guard Tower
09:22 Scout Tower
09:23 Scout Tower
10:20 Guard Tower
10:38 Scout Tower
10:38 Scout Tower
11:08 Arcane Tower
11:14 Scout Tower
11:15 Scout Tower
11:28 Guard Tower
11:32 Scout Tower
11:32 Scout Tower
11:36 Guard Tower
11:41 Scout Tower
11:41 Scout Tower
12:11 Arcane Tower
12:23 Guard Tower
12:25 Scout Tower
12:25 Scout Tower
12:27 Scout Tower
12:33 Guard Tower
12:34 Scout Tower
12:37 Scout Tower
12:38 Scout Tower
12:44 Guard Tower
12:50 Scout Tower
13:05 Scout Tower
13:06 Scout Tower
13:20 Guard Tower
13:23 Scout Tower
13:23 Scout Tower
13:28 Arcane Tower
13:29 Guard Tower
13:32 Scout Tower
13:33 Scout Tower
14:00 Guard Tower
14:02 Scout Tower
14:03 Scout Tower
14:14 Scout Tower
14:17 Scout Tower
14:19 Scout Tower
14:23 Scout Tower
14:24 Scout Tower
14:26 Scout Tower
14:26 Scout Tower
14:29 Guard Tower
14:32 Scout Tower
14:32 Scout Tower
14:34 Guard Tower
14:35 Scout Tower
14:36 Scout Tower
14:50 Town Hall
14:53 Scout Tower
14:54 Scout Tower
14:55 Scout Tower
14:55 Scout Tower
14:56 Scout Tower
14:56 Scout Tower
14:57 Scout Tower
14:57 Scout Tower
15:25 Arcane Tower
15:25 Arcane Tower
15:26 Guard Tower
15:49 Guard Tower
15:56 Guard Tower
15:58 Scout Tower
15:59 Scout Tower
15:59 Scout Tower
16:00 Scout Tower
16:26 Guard Tower
16:30 Scout Tower
16:34 Scout Tower
16:57 Guard Tower
17:08 Scout Tower
17:46 Arcane Tower
17:47 Guard Tower
17:47 Guard Tower
18:03 Guard Tower
18:05 Scout Tower
18:06 Scout Tower
18:15 Arcane Tower
18:18 Guard Tower
18:19 Scout Tower
18:20 Scout Tower
18:20 Scout Tower
18:32 Scout Tower
18:33 Scout Tower
18:36 Guard Tower
18:39 Guard Tower
18:42 Guard Tower
18:53 Guard Tower
18:58 Guard Tower
19:00 Scout Tower
19:01 Scout Tower
19:07 Scout Tower
19:08 Scout Tower
19:16 Scout Tower
19:17 Scout Tower
19:18 Guard Tower
19:23 Guard Tower
19:25 Guard Tower
19:27 Scout Tower
19:38 Guard Tower
19:52 Guard Tower
19:53 Scout Tower
19:59 Guard Tower
20:18 Guard Tower
20:51 Guard Tower
21:26 Arcane Tower
21:26 Arcane Tower
21:27 Arcane Tower
21:49 Guard Tower
21:53 Scout Tower
22:48 Guard Tower
22:50 Scout Tower
22:50 Scout Tower
23:52 Guard Tower
23:54 Scout Tower
23:54 Scout Tower
24:20 Scout Tower
24:21 Scout Tower
24:22 Guard Tower
24:30 Scout Tower
24:52 Guard Tower
24:55 Scout Tower
24:56 Scout Tower
25:00 Scout Tower
25:01 Scout Tower
25:07 Guard Tower
25:09 Scout Tower
25:10 Scout Tower
25:31 Guard Tower
25:37 Guard Tower
27:00 Scout Tower
27:00 Scout Tower
27:01 Scout Tower
27:02 Scout Tower
27:15 Guard Tower
27:18 Scout Tower
27:18 Scout Tower
27:23 Scout Tower
27:23 Scout Tower
27:30 Arcane Tower
28:16 Guard Tower
28:20 Guard Tower
28:48 Scout Tower
28:49 Scout Tower
31:16 Guard Tower
» items
| Scroll of Regeneration | 3 | |
| Staff of Sanctuary | 2 | |
| Orb of Lightning | 2 | |
| Healing Salve | 5 | |
| Potion of Healing | 1 | |
| Scroll of Town Portal | 7 | |
| Lesser Clarity Potion | 2 | |
| Ring of Protection +5 | 2 | |
24 total
lovetoosearch (
orange | 98 APM | 4600 actions | 46:43)
9 Blademaster
3 Wind Walk
3 Critical Strike
1 Bladestorm
2 Mirror Image
» actions
| Assign group hotkey | 23 | |
| Basic commands | 32 | |
| Build / train | 72 | |
| ESC pressed | 7 | |
| Enter build submenu | 55 | |
| Enter hero's abilities submenu | 9 | |
| Give item / drop item | 1 | |
| Right click | 2909 | |
| Select / deselect | 337 | |
| Select group hotkey | 877 | |
| Use ability | 278 | |
4600 total
» units
» upgrades
| Spiked Barricades | 1 | |
| Reinforced Defenses | 1 | |
| Liquid Fire | 1 | |
| Ranged Weapons | 3 | |
| Armor | 2 | |
| Troll Regeneration | 1 | |
9 total
» buildings
| Altar of Storms | 1 | |
| War Mill | 2 | |
| Orc Burrow | 5 | |
| Voodoo Lounge | 3 | |
| Watch Tower | 38 | |
| Stronghold | 1 | |
| Fortress | 1 | |
| Beastiary | 2 | |
| Barracks | 1 | |
| Great Hall | 2 | |
56 total
» build order
00:10 Altar of Storms
00:21 War Mill
00:22 Orc Burrow
01:14 Voodoo Lounge
01:52 Watch Tower
02:10 Watch Tower
02:29 Orc Burrow
02:50 War Mill
03:12 Watch Tower
03:13 Watch Tower
03:18 Watch Tower
03:43 Stronghold
05:07 Watch Tower
05:16 Watch Tower
05:16 Watch Tower
06:12 Fortress
06:17 Beastiary
06:17 Beastiary
06:53 Orc Burrow
06:56 Orc Burrow
07:00 Watch Tower
07:01 Watch Tower
07:20 Watch Tower
07:21 Watch Tower
07:29 Watch Tower
07:30 Watch Tower
07:43 Voodoo Lounge
07:46 Voodoo Lounge
11:22 Watch Tower
11:23 Watch Tower
12:04 Watch Tower
12:05 Watch Tower
12:15 Watch Tower
12:55 Orc Burrow
14:06 Watch Tower
14:07 Watch Tower
15:25 Barracks
17:58 Watch Tower
17:58 Watch Tower
18:00 Watch Tower
18:53 Watch Tower
18:53 Watch Tower
18:54 Watch Tower
19:29 Watch Tower
19:30 Watch Tower
19:30 Watch Tower
20:31 Watch Tower
20:31 Watch Tower
20:31 Watch Tower
29:03 Great Hall
29:19 Watch Tower
29:20 Watch Tower
29:22 Watch Tower
30:36 Watch Tower
30:39 Watch Tower
35:40 Great Hall
» items
| Healing Salve | 3 | |
| Lesser Clarity Potion | 5 | |
| Scroll of Speed | 1 | |
| Orb of Lightning | 1 | |
| Claws of Attack +15 | 1 | |
| Scroll of Town Portal | 3 | |
14 total
Chat log
(00:58 / All) lovetoosearch: OK THANKS
(01:00 / All) iggy_the_fisk: Welcome to worldmap
(01:03 / All) lovetoosearch: trying to change resolution
(01:06 / All) lovetoosearch: can't do it in game
(01:08 / All) lovetoosearch: dod you know that.
(01:15 / All) Tornado-Ro: u cnat
(01:17 / All) Tornado-Ro: cant
(01:19 / All) iggy_the_fisk: dad, you know that?
(01:19 / All) lovetoosearch: yes
(01:22 / All) lovetoosearch: tahts what i said
(01:26 / All) lovetoosearch: are you stupid?? stupid boy??
(01:35 / All) ITS.LOST: hey hey
(01:37 / All) ITS.LOST: manners plz
(01:48 / All) lovetoosearch: maybe you don't have a brain?? no brain stupid man??
(02:04 / All) lovetoosearch: Brainless IDIOT boy??
(02:23 / All) lovetoosearch: Sad Boy With/Out Brain?!?
(06:14 / All) C.SAR: really?
(06:15 / All) C.SAR: lame?
(06:17 / All) C.SAR: really?
(18:32 / All) Tornado-Ro: GG
(18:38 / All) iggy_the_fisk: BG
(18:40 / All) Tornado-Ro: yes
(18:43 / All) Tornado-Ro: noobs
(18:47 / All) iggy_the_fisk: lucker
(23:41 / All) lovetoosearch: :|
(23:42 / All) iggy_the_fisk: bye noobs
(26:26 / All) iggy_the_fisk: NOOBS
(26:32 / All) C.SAR: ROFL
(26:34 / All) C.SAR: He spams tower
(26:38 / All) iggy_the_fisk: why lose everything to towers???
(26:39 / All) C.SAR: plays 2v3
(26:40 / All) backintown: rest of keys are broken
(26:41 / All) backintown: sorry
(26:42 / All) iggy_the_fisk: they don't move
(26:42 / All) C.SAR: and calls us noobs
(26:48 / All) backintown: we bought container of keyboards from china
(26:49 / All) iggy_the_fisk: you are so bad you lose to towers
(26:51 / All) backintown: only tower keys work
(26:51 / All) iggy_the_fisk: that don't even move
(26:52 / All) lovetoosearch: 0 brain?
(27:05 / All) iggy_the_fisk: towers stand still
(27:08 / All) iggy_the_fisk: why you run in to them??
(27:12 / All) iggy_the_fisk: idiot noob
(27:19 / All) Tornado-Ro: retard
(27:21 / All) Tornado-Ro: lol
(27:27 / All) iggy_the_fisk: E Z win
(27:33 / All) Tornado-Ro: 0 win
(27:34 / All) Tornado-Ro: u
(29:39 / All) lovetoosearch: SO...BAD BOYS>>
(29:45 / All) Tornado-Ro: so retards
(29:51 / All) C.SAR: lame + tower
(29:51 / All) iggy_the_fisk: another easy win against tornado-ro
(29:53 / All) C.SAR: is real skill
(29:54 / All) C.SAR: sorry
(29:58 / All) lovetoosearch: look how mad
(29:58 / All) Tornado-Ro: another win
(30:00 / All) Tornado-Ro: vs
(30:01 / All) iggy_the_fisk: highper.ch
(30:02 / All) Tornado-Ro: who
(30:02 / All) C.SAR: im mad?
(30:02 / All) lovetoosearch: 2017 and CANNOT WIN WARCRAFT 3!!
(30:05 / All) C.SAR: you just trash talk
(30:14 / All) lovetoosearch: such what a bad boy!
(30:20 / All) lovetoosearch: too bad!!
(30:54 / All) iggy_the_fisk: Losing another game.... and for what??? Filthy Romania?
(30:56 / All) iggy_the_fisk: I laugh
(31:01 / All) iggy_the_fisk: that is not worth it
(31:03 / All) iggy_the_fisk: It is not worth it... friend
(31:31 / All) iggy_the_fisk: bad angle FRIend
(31:51 / All) iggy_the_fisk: bad idiot
(31:53 / All) lovetoosearch: wow..
(31:56 / All) iggy_the_fisk: Now you die
(32:14 / All) iggy_the_fisk: the game... it's.lost
(33:31 / All) Tornado-Ro: mh
(33:35 / All) Tornado-Ro: and noobs
(33:40 / All) iggy_the_fisk: arcane tower
(33:43 / All) iggy_the_fisk: ever heard of it?
(33:43 / All) Tornado-Ro: yes
(33:45 / All) Tornado-Ro: and noobs
(33:53 / All) backintown: wots noobs mate?
(33:58 / All) Tornado-Ro: noobs
(34:01 / All) Tornado-Ro: and noobs
(34:05 / All) Tornado-Ro: sorry
(34:07 / All) Tornado-Ro: noobs
(34:08 / All) iggy_the_fisk: we win so easy... with only tower :D
(34:11 / All) Tornado-Ro: noobs
(34:12 / All) Tornado-Ro: sry
(35:33 / All) C.SAR: lol purple
(35:35 / All) C.SAR: orange
(35:43 / All) backintown: no yellow???
(35:48 / All) iggy_the_fisk: LOL RED
(35:49 / All) iggy_the_fisk: IDIOT
(35:55 / All) lovetoosearch: HOW ARE you so bad??
(35:56 / All) iggy_the_fisk: IDIOT RED DIED AGAIN
(35:57 / All) lovetoosearch: 1st time warcraft
(35:58 / All) backintown: this called "Tank spank;
(35:59 / All) lovetoosearch: 2017 first time warcrafT?
(36:34 / All) C.SAR: ops
(36:36 / All) C.SAR: too slow
(37:03 / All) C.SAR: pure skill
(37:11 / All) C.SAR: and so mannered
(37:15 / All) Tornado-Ro: tards
(37:18 / All) Tornado-Ro: rofl
(37:22 / All) iggy_the_fisk: Tornado-Ro is back
(37:23 / All) C.SAR: i can live with lame
(37:27 / All) iggy_the_fisk: after losing hero to towers
(37:27 / All) C.SAR: but so unmannered trashtalk
(37:29 / All) C.SAR: rofl
(37:30 / All) iggy_the_fisk: why you run into towers???
(37:30 / All) lovetoosearch: CAN U Live with loss
(37:36 / All) C.SAR: lol i got -25
(37:39 / All) C.SAR: like i give a fuck
(37:42 / All) C.SAR: on win/loose
(37:44 / All) Tornado-Ro: i lose hero to towers
(37:47 / All) Tornado-Ro: cuz u cant kill
(37:48 / All) iggy_the_fisk: because IDIOT ROMA
(37:50 / All) Tornado-Ro: lol
(37:55 / All) lovetoosearch: u shit level baby idiot
(38:05 / All) Tornado-Ro: so, u dont kill hero
(38:09 / All) backintown: Have you ever been to the home page: www.highper.ch?
(38:20 / All) iggy_the_fisk: I've met a baby... and I've met an idiot... never in my life I've met a baby who was already an idiot
(38:39 / All) iggy_the_fisk: they die
(39:08 / All) iggy_the_fisk: another idiot play by a guy with fat fingers
(39:15 / All) lovetoosearch: did u know if you sit there for 3 hours that steam tank will be 100 hp
(39:17 / All) Tornado-Ro: im afk
(39:18 / All) Tornado-Ro: gg
(39:22 / All) backintown: thanks for playing
(39:27 / All) lovetoosearch: you werent afk before????
(39:28 / All) iggy_the_fisk: please try harder next time
(39:29 / All) lovetoosearch: bad micro..
(39:33 / All) Tornado-Ro: whole game
(39:36 / All) Tornado-Ro: almost
(39:39 / All) backintown: i noticed
(40:03 / All) lovetoosearch: what a bad boy!
(40:14 / All) iggy_the_fisk: your micro has improved young warchief
(40:24 / All) iggy_the_fisk: perhaps there is hope yet for IDIOT-RO
(40:35 / All) lovetoosearch: did u ever had a gg...where u win ?
(40:54 / All) iggy_the_fisk: not on highper.ch
(40:59 / All) iggy_the_fisk: but you do have many games on there
(41:04 / All) lovetoosearch: http://highper.ch/u just got owned.html
(41:14 / Allies) backintown: 301 https://highper.ch/
(42:21 / All) iggy_the_fisk: nice try DK
(42:21 / All) lovetoosearch: can U even BELIEVE it
(42:22 / All) iggy_the_fisk: a death knigh's hand goes up but the lich it goes DOWN
(46:24 / All) lovetoosearch: cya stinkers
(46:42 / All) iggy_the_fisk: blinkers
(46:43 / All) iggy_the_fisk: and